 Dungeon Crawl Stone Soup version 0.27-a0-1189-gb8eb6ce (webtiles) character file.

Game seed: 12240361731909750580

34 bananamous the Grasshopper (level 3, -1/28 HPs)
             Began as a Palentonga Warper on May 22, 2021.
             Slain by a kobold
             ... wielding a +2 short sword of protection
              (5 damage)
             ... on level 2 of the Dungeon.
             The game lasted 00:05:49 (1668 turns).

bananamous the Grasshopper (Palentonga Warper)      Turns: 1668, Time: 00:05:50

Health: -1/28      AC:  4    Str: 15    XL:     3   Next: 14%
Magic:  6/6        EV:  9    Int: 13    God:
Gold:   57         SH:  0    Dex:  9    Spells: 6/6 levels left

rFire    . . .     SeeInvis +   a - +0 hand axe
rCold    . . .     Faith    .   (no shield)
rNeg     . . .     Spirit   .   b - +0 leather armour
rPois    .         Reflect  .   (no helmet)
rElec    .         Harm     .   (no cloak)
rCorr    .         Rampage  .   (no gloves)
Will     .....                  (no barding)
Stlth    +.........             (no amulet)
HPRegen  0.09/turn              (no ring)
MPRegen  0.10/turn              (no ring)

@: no status effects
A: large, rugged brown scales 3, see invisible, deformed body, roll 1, armoured
tail
a: Rolling Charge


You were on level 2 of the Dungeon.
You visited 1 branch of the dungeon, and saw 2 of its levels.

You collected 57 gold pieces.

Inventory:

Hand Weapons
 a - a +0 hand axe (weapon)
Missiles
 e - 4 boomerangs of dispersal
Armour
 b - a +0 leather armour (worn)
Scrolls
 f - a scroll of fear {unknown}
 h - 2 scrolls of identify {unknown}
Potions
 g - a potion of attraction
 j - a potion of brilliance {unknown}


   Skills:
 + Level 2.1 Fighting
 * Level 2.3 Axes
 + Level 0.7 Throwing
 + Level 1.1 Armour
 + Level 2.0 Dodging
 + Level 2.0 Spellcasting
 + Level 3.3 Translocations


You had 6 spell levels left.
You didn't know any spells.
Your spell library contained the following spells:

 Spells                   Type           Power      Damage    Failure   Level
 Blink                    Tloc           N/A        N/A       12%         2
 Gell's Gravitas          Tloc           5%         N/A       24%         3
 Lesser Beckoning         Tloc           5%         N/A       24%         3
 Teleport Other           Tloc           10%        N/A       24%         3
 Manifold Assault         Tloc           10%        N/A       91%         5


Dungeon Overview and Level Annotations

Branches:
Dungeon (2/15)

Altars:


Innate Abilities, Weirdness & Mutations

You are completely covered in rugged brown scales. (AC +3, +7% HP)
You have supernaturally acute eyesight. (SInv)
Armour fits poorly on your strangely shaped body.
You can roll at nearby foes to attack.
You have a long armoured tail.


Message History

The kobold hits you with a +2 short sword of protection.
You barely miss the kobold.
The kobold is moderately wounded.
You hit the frilled lizard but do no damage.
The frilled lizard bites you. The kobold hits you but does no damage.
You hit the kobold but do no damage.
The kobold is moderately wounded.
Your leather armour prevents you from hitting the frilled lizard.
The frilled lizard misses you. The kobold hits you but does no damage.
The frilled lizard barely misses you.
Unknown command.
You closely miss the kobold.
The kobold is moderately wounded.
You barely miss the frilled lizard. The kobold closely misses you.
The frilled lizard bites you but does no damage.
You hit the kobold but do no damage.
Your tail-slap misses the kobold.
You hit the frilled lizard but do no damage.
The kobold hits you with a +2 short sword of protection.
The frilled lizard bites you. The kobold barely misses you.
You are too injured to fight recklessly!
You are too injured to fight recklessly!
You are too injured to fight recklessly!
You are too injured to fight recklessly!
You are too injured to fight recklessly!
You closely miss the frilled lizard. You closely miss the kobold.
The frilled lizard closely misses you.
The kobold hits you with a +2 short sword of protection.
You closely miss the frilled lizard. You hit the kobold but do no damage.
The frilled lizard bites you but does no damage.
The kobold hits you with a +2 short sword of protection.
* * * LOW HITPOINT WARNING * * *
You hit the frilled lizard but do no damage.
You barely miss the kobold. The frilled lizard bites you.
* * * LOW HITPOINT WARNING * * *
The kobold closely misses you.
You slash the frilled lizard!
You kill the frilled lizard!
You closely miss the kobold.
The kobold hits you with a +2 short sword of protection.
You die...

.. .... ........#
..#..#.# # ....#.#.#
#.....#.#
##########.......# #
.).................#
###...<......#.....
#........@†......
#........K.......
#................
...#########......
###. ...... # ......
..... .....


You could see a kobold.

Vanquished Creatures
  An adder (D:1)
  2 dart slugs (D:1)
  3 bats (D:1)
  2 endoplasms (D:1)
  A giant cockroach (D:1)
  4 goblins
  A hobgoblin (D:1)
  2 kobolds (D:1)
  A quokka (D:1)
  2 frilled lizards
  2 rats (D:1)
21 creatures vanquished.

Notes
Turn   | Place    | Note
-------+----------+-------------------------------------------
     0 | D:1      | bananamous the Palentonga Warper began the quest for the
                  | Orb.
     0 | D:1      | Reached XP level 1. HP: 17/17 MP: 3/3
   371 | D:1      | Reached skill level 1 in Armour
   519 | D:1      | Reached XP level 2. HP: 23/23 MP: 5/5
  1393 | D:1      | Reached XP level 3. HP: 8/28 MP: 6/6
  1668 | D:2      | Slain by a kobold

Illustrated notes

Levels and vault maps discovered:
D:1:      nzn_arrival_depleted_hourglass, layout_basic
D:2:      layout_basic, basic_altar

Skill      XL: |  1  2 |
---------------+-------+-----
Armour         | 1 |  1.1
Dodging        | 2 |  2.0
Fighting       | |  2.1
Axes           | |  2.3
Throwing       | |  0.7
Spellcasting   | |  2.0
Translocations | |  3.3

Action                   || total
-------------------------++-------
Melee: Hand axe          ||    90
       Tailslap          ||     7
Throw: Boomerang         ||     1
 Abil: Rolling Charge    ||     5
  Use: Potion            ||     3
       Scroll            ||     1
Armor: Leather armour    ||    45
       Skin              ||    12
Dodge: Dodged            ||    47

Table legend: (Time is in decaauts)
 A = Elapsed time spent in this place.
 B = Non-inter-level travel time spent in this place.
 C = Inter-level travel time spent in this place.
 D = Time resting spent in this place.
 E = Time spent auto-exploring this place.
 F = Levels seen in this place.
 G = Mean time per level.
                   A        B        C        D        E       F      G
               +--------+--------+--------+--------+--------+-----+--------+
         Total |   1667 |   1607 |     60 |    502 |    830 |   2 |  833.5 |
       Dungeon |   1667 |   1607 |     60 |    502 |    830 |   2 |  833.5 |
               +--------+--------+--------+--------+--------+-----+--------+

Top non-repeatable levels by time:
     D:1: 1625 daAuts
     D:2: 41 daAuts
